idiot, lawful female human Valkyrie -- --- --- -- ---- -.---.--- |.`| --- .| ---|..| ...|....- --..| ----.-- |.|---.--.)| ........ --...-- ---.....--- |.||.....@-- -...... --.....-- |.........-- |.||-...G.| |......- ---.......| |..........-----|.|-...---- --......| ----.........| |..............||.|....| |.......|----...........-- -.............--.|....--- ---|.......--..............-- | |.....................).-- ..---...........----.....*....------ - |.<..............---.....-- ..||................................| ---...)....---.....- ----...| |.----.......-------------..--------- |.........-- ---...... --..------|...||.)....-| -- |.........- |........||....|-.--...--....^..-- | --.........| --........--....|.....)..............| --.......-- |.......................|...........-- ----....- --................-.----|...........- --....| ---............|...- ---...........| --...| |...--...|.-----..| |.......--..| ----- |..----.---- |..| ---.--.-- --- ---- --- ---- --- -- idiot the Fighter Experience level: 6 Strength: 19 Dexterity: 11 Constitution: 18 Intelligence: 7 Wisdom: 11 Charisma: 9 Health: 0(46) Energy: 12(12) Def: 7 Gold: 743 Moves: 2098 Dungeon seed: 6DHDWM7-zTFEuLh8 Game ID: idiot_1535489935 Your Inventory: Coins $ - 743 gold pieces Weapons a - an uncursed +1 long sword (weapon in hand) P - 5 uncursed +0 daggers of frost Armor e - an uncursed +3 small shield (being worn) q - an uncursed +0 oilskin cloak z - a blessed +1 dwarvish cloak (being worn) N - an uncursed +0 pair of iron shoes (being worn) S - an uncursed +0 mummy wrapping Comestibles c - an uncursed food ration g - 2 uncursed slime molds Scrolls o - an uncursed scroll of confuse monster v - an uncursed scroll of teleportation U - a blessed scroll of genocide Potions f - a blessed potion of fruit juice u - an uncursed potion of fruit juice O - an uncursed potion of object detection Q - an uncursed potion of water Tools b - an uncursed blindfold d - an uncursed oil lamp (0:1101) h - an uncursed sack k - an uncursed skeleton key s - an uncursed oil lamp (0:1227) R - 7 uncursed tallow candles (0:200) Gems n - 3 uncursed worthless pieces of black glass r - an uncursed amber stone t - 2 uncursed worthless pieces of blue glass y - an uncursed worthless piece of violet glass Y - an uncursed garnet stone Spells and supernatural/magical abilities: Name Level Category Cost Memory W - pray for help -- divine ? -- Your skills at the end: Fighting Skills wands [Basic] Weapon Skills dagger [Basic] long sword [Skilled] Spellcasting Skills Final Attributes: You had strayed. You were immune to cold. You were stealthy. You were lucky. Tyr was noncommittal. You are dead. Vanquished creatures: a xorn a small mimic a black light a gnome king a dwarf lord 4 gnome lords 3 gnomish wizards a kobold mummy a little dog a kitten a dwarf a kobold shaman a rothe 2 acid blobs a gas spore a hobbit 23 gnomes a garter snake a gecko 6 jackals a goblin 7 grid bugs 5 newts 66 creatures vanquished. Voluntary challenges: You followed a strict vegan diet. You used a wielded weapon 80 times, starting on turn 190. You read items or engraved 1 time, starting on turn 389. You never genocided any monsters. You never polymorphed an object. You never changed form. You used no wishes. You never split a pudding. You never wrote Elbereth's name. You violated your moral code, losing 21 points of alignment, starting on turn 2037. You disabled loading bones files. Dungeon overview: The Dungeons of Doom: levels 1 to 4 Level 1 a long staircase Level 2 a general store Level 3 a fountain, a vault Level 4 a jewelry store stairs to The Gnomish Mines The Gnomish Mines: levels 5 to 8 Level 5 stairs to The Dungeons of Doom Level 6 Level 7 <- You were here Level 8 many shops, a temple to Odin, some fountains History has recorded: On T:1 you entered the Dungeons of Doom to retrieve the Amulet of Yendor! On T:148 you reached level 2 of The Dungeons of Doom. On T:201 you reached level 3 of The Dungeons of Doom. On T:731 you reached level 4 of The Dungeons of Doom. On T:791 you advanced to experience level 2. On T:987 you advanced to experience level 3. On T:1208 you reached level 1 of The Gnomish Mines. On T:1210 you advanced to experience level 4. On T:1288 you reached level 2 of The Gnomish Mines. On T:1310 you advanced to experience level 5. On T:1480 you reached level 3 of The Gnomish Mines. On T:1531 you reached level 4 of The Gnomish Mines. On T:1621 you advanced to experience level 6. Score breakdown: Gold: 743 ( 9768 points) Experience: 6 levels (12456 points) Exploration: 8 levels ( 16.33%) (11456 points) Discoveries: 7 items ( 2.80%) ( 5019 points) Valuables value: (no points given unless you survive) Artifact value: 0 ( 0 points) Variety of kills: 23 monsters ( 6.05%) ( 7380 points) Turncount: 2098 turns ( -71 points) Survival: died (score multiplied by 80%) Total score: 36806 Latest messages: [5 turns] You stop searching. [4 turns] The dwarf king wields an aklys! The ettin throws a dart! You stop searching. You are hit by a dart. [12 turns] The gnome zombie swings her aklys at you. The rock mole hits! Everything looks SO boring now. The gnome queen swings her aklys at you. The gnome queen hits! You hit the gnome queen! The gnome queen swings her aklys at you. The gnome queen hits! You hit the gnome queen! The gnome queen swings her aklys at you. The gnome queen hits! You begin praying to Tyr. The gnome queen swings her aklys at you. The gnome queen hits! You die... The sack is empty. Final status: Farvel idiot the Valkyrie, killed by a gnome queen, while praying... You died in The Gnomish Mines on dungeon level 7 with 36806 points, and 743 pieces of gold, after 2098 moves. You were level 6 with a maximum of 46 hit points when you died.